 Dungeon Crawl Stone Soup version 0.29-a0-824-gd827844252 (webtiles) character file.

Game seed: 11098095733163124948

49 gobodom the Magician (level 3, 0/24 HPs)
             Began as a Demonspawn Hedge Wizard on July 9, 2022.
             Slain by a goblin
             ... wielding a +0 club
              (2 damage)
             ... on level 2 of the Dungeon.
             The game lasted 00:03:58 (2261 turns).

gobodom the Magician (Demonspawn Hedge Wizard)      Turns: 2261, Time: 00:03:59

Health: 0/24       AC:  2    Str: 10    XL:     3   Next: 53%
Magic:  1/8        EV: 12    Int: 17    God:
Gold:   101        SH:  0    Dex: 12    Spells: 8/9 levels left

rFire   . . .      SeeInvis .   a - +0 dagger
rCold   . . .      Faith    .   (no shield)
rNeg    . . .      Spirit   .   b - +0 robe
rPois   .          Reflect  .   c - +0 hat
rElec   .          Harm     .   (no cloak)
rCorr   .          Rampage  .   (no gloves)
Will    .....                   (no boots)
Stlth   ++........              (no amulet)
HPRegen 0.08/turn               (no ring)
MPRegen 0.11/turn               (no ring)

@: very slightly contaminated
A: antennae 1
a: no special abilities


You were on level 2 of the Dungeon.
You visited 1 branch of the dungeon, and saw 2 of its levels.

You collected 101 gold pieces.

Inventory:

Hand Weapons
 a - a +0 dagger (weapon)
Armour
 b - a +0 robe (worn)
 c - a +0 hat (worn)
Scrolls
 e - a scroll of identify {unknown}
 f - 2 scrolls of enchant armour {unknown}
 g - 2 scrolls of vulnerability {unknown}
 i - a scroll of magic mapping {unknown}
 j - a scroll of poison {unknown}
 k - a scroll of acquirement {unknown}
Potions
 d - 2 potions of magic
 h - 2 potions of lignification {unknown}
 l - a potion of haste {unknown}


   Skills:
 + Level 0.2 Short Blades
 + Level 2.1 Dodging
 + Level 2.1 Stealth
 + Level 3.7 Spellcasting
 + Level 1.5 Conjurations
 + Level 1.0 Summonings
 + Level 0.8 Translocations


You had 8 spell levels left.
You knew the following spells:

 Your Spells              Type           Power      Damage    Failure   Level
a - Magic Dart            Conj           32%        1d4       9%          1

Your spell library contained the following spells:

 Spells                   Type           Power      Damage    Failure   Level
 Slow                     Hex            12%        N/A       16%         1
 Call Imp                 Summ           6%         N/A       16%         2
 Blink                    Tloc           12%        N/A       17%         2
 Conjure Flame            Conj/Fire      5%         6-21      34%         3
 Mephitic Cloud           Conj/Pois/Air  4%         N/A       36%         3


Dungeon Overview and Level Annotations

Branches:
Dungeon (2/15)

Altars:


Innate Abilities, Weirdness & Mutations

You have a pair of small antennae on your head.


Message History

The quokka is lightly wounded.
The magic dart hits the quokka.
The quokka is moderately wounded.
The quokka barely misses you. The goblin barely misses you.
The magic dart hits the quokka.
The quokka is severely wounded.
The quokka barely misses you.
A worm comes into view.
The goblin hits you with a +0 club.
The magic dart hits the quokka.
You kill the quokka!
The goblin hits you with a +0 club.
The magic dart hits the worm.
The worm is moderately wounded.
The worm closely misses you. The goblin hits you with a +0 club.
The magic dart hits the worm.
The worm is moderately wounded.
The dart slug bites you. The goblin hits you with a +0 club.
You are too injured to fight recklessly!
Casting: Magic Dart (safe; 9% risk of failure)
Confirm with . or Enter, or press ? or * to list all spells.
Aiming: Magic Dart (safe; 9% risk of failure)
Press: ? - help, Shift-Dir - straight line, f/p - worm
Aim: a worm (moderately wounded, 100% to hit)
The magic dart hits the worm.
The worm is moderately wounded.
The worm bites you.
* * * LOW HITPOINT WARNING * * *
The goblin hits you with a +0 club.
* * * LOW HITPOINT WARNING * * *
Casting: Magic Dart (safe; 9% risk of failure)
Confirm with . or Enter, or press ? or * to list all spells.
Aiming: Magic Dart (safe; 9% risk of failure)
Press: ? - help, Shift-Dir - straight line, f/p - worm
Aim: a worm (moderately wounded, 100% to hit)
You miscast Magic Dart.
You are very lightly contaminated with residual magic.
Nothing appears to happen.
The dart slug misses you. The goblin hits you with a +0 club.
You die...

#♣..♣ ###.. .!$.
.#.# .... ..# #
♣..♣ ###.#####
#≈##..## #.......#
≈≈.w≈ #.......#####
#gw####............
#.@w..........### #
#########...(...# #
#.......# #
#.......###
#.......#..
#..........
#.......###
#.......# #.......#


You could see 2 worms, a dart slug and a goblin.

Vanquished Creatures
  An adder (D:2)
  4 endoplasms
  4 giant cockroaches (D:1)
  2 goblins
  2 hobgoblins (D:1)
  5 kobolds (D:1)
  4 quokkas
  5 ball pythons
  6 bats
  A frilled lizard (D:2)
  A rat (D:1)
35 creatures vanquished.

Notes
Turn   | Place    | Note
-------+----------+-------------------------------------------
     0 | D:1      | gobodom the Demonspawn Hedge Wizard began the quest for the
                  | Orb.
     0 | D:1      | Reached XP level 1. HP: 13/13 MP: 4/4
   357 | D:1      | Discovered your monstrous ancestry.
   357 | D:1      | Gained mutation: You have a pair of small antennae on your
                  | head. [demonic ancestry]
   357 | D:1      | Reached XP level 2. HP: 15/19 MP: 0/6
  1335 | D:1      | Reached XP level 3. HP: 19/24 MP: 1/8
  2261 | D:2      | Slain by a goblin

Illustrated notes

Levels and vault maps discovered:
D:1:      lemuel_arrival_tunnels, layout_basic, item_on_display_a
D:2:      layout_rooms, hellmonk_ecumenical_altar_arch_garden,
          kennysheep_generic_room_5, uniq_jessica

Skill      XL: |  1  2 |
---------------+-------+-----
Dodging        | 2 |  2.1
Stealth        | 2 |  2.1
Short Blades   | |  0.2
Spellcasting   | |  3.7
Conjurations   | |  1.5
Summonings     | |  1.0
Translocations | |  0.8

Action                   || total
-------------------------++-------
Melee: Dagger            ||    63
       Punch             ||     1
 Cast: Magic Dart        ||    93
  Use: Potion            ||     1
Armor: Robe              ||    23
Dodge: Dodged            ||    67

Table legend: (Time is in decaauts)
 A = Elapsed time spent in this place.
 B = Non-inter-level travel time spent in this place.
 C = Inter-level travel time spent in this place.
 D = Time resting spent in this place.
 E = Time spent auto-exploring this place.
 F = Levels seen in this place.
 G = Mean time per level.
                   A        B        C        D        E       F      G
               +--------+--------+--------+--------+--------+-----+--------+
         Total |   2260 |   2255 |      5 |    385 |   1531 |   2 | 1130.0 |
       Dungeon |   2260 |   2255 |      5 |    385 |   1531 |   2 | 1130.0 |
               +--------+--------+--------+--------+--------+-----+--------+

Top non-repeatable levels by time:
     D:1: 1443 daAuts
     D:2: 817 daAuts
